 Dungeon Crawl Stone Soup version 0.27.1-1-g398f81649c (webtiles) character file.

Game seed: 2878600465971694683

21 safid the Skirmisher (level 2, -1/27 HPs)
             Began as a Hill Orc Fighter on Sept 7, 2021.
             Succumbed to an adder's poison
             ... on level 2 of the Dungeon.
             The game lasted 00:01:39 (1111 turns).

safid the Skirmisher (Hill Orc Fighter)             Turns: 1111, Time: 00:01:39

Health: -1/27      AC:  6    Str: 18    XL:     2   Next: 83%
Magic:  2/2        EV:  5    Int:  8    God:
Gold:   41         SH: 13    Dex: 10    Spells: 1/1 levels left

rFire    . . .     SeeInvis .   a - +0 war axe
rCold    . . .     Faith    .   e - +0 tower shield
rNeg     . . .     Spirit   .   b - +0 scale mail
rPois    .         Reflect  .   (no helmet)
rElec    .         Harm     .   (no cloak)
rCorr    .         Rampage  .   (no gloves)
Will     .....                  (no boots)
Stlth    ..........             (no amulet)
HPRegen  0.09/turn              (no ring)
MPRegen  0.08/turn              (no ring)

@: lethally poisoned (-1 -> -3)
A: no striking features
a: no special abilities


You were on level 2 of the Dungeon.
You visited 1 branch of the dungeon, and saw 2 of its levels.

You collected 41 gold pieces.

Inventory:

Hand Weapons
 a - a +0 war axe (weapon)
Missiles
 c - 24 stones (quivered)
Armour
 b - a +0 scale mail (worn)
 e - a +0 tower shield (worn)
Jewellery
 f - a ring of ice
Scrolls
 g - a scroll of summoning {unknown}
 h - a scroll of enchant armour {unknown}
Potions
 d - a potion of might


   Skills:
 + Level 4.0 Fighting
 + Level 3.1 Axes
 + Level 3.5 Armour
 + Level 3.6 Shields


You had one spell level left.
You didn't know any spells.
Your spell library was empty.

Dungeon Overview and Level Annotations

Branches:
Dungeon (2/15)

Altars:


Message History

You are no longer poisoned.
The adder bites you. You block the adder's attack. x2
You are too injured to fight recklessly!
You are too injured to fight recklessly!
You are too injured to fight recklessly!
You are too injured to fight recklessly!
You miss the adder. You block the adder's attack. The adder bites you.
You are poisoned.
The adder poisons you!
You miss the adder.
You feel sick. You block the adder's attack. x2
You closely miss the adder.
You feel sick. You block the adder's attack.
The adder bites you but does no damage. You block the adder's attack.
You hit the adder.
The adder is lightly wounded.
You feel sick.
You are no longer poisoned.
You block the adder's attack. The adder barely misses you.
You miss the adder.
The adder is lightly wounded.
You block the adder's attack. x2
You hit the adder.
The adder is moderately wounded.
You block the adder's attack. The adder barely misses you.
You closely miss the adder.
The adder is moderately wounded.
The adder closely misses you. You block the adder's attack. x2
You miss the adder.
The adder is moderately wounded.
The adder bites you.
* * * LOW HITPOINT WARNING * * *
You are lethally poisoned!
The adder poisons you! You block the adder's attack.
Your shield prevents you from hitting the adder.
The adder is moderately wounded.
* * * LOW HITPOINT WARNING * * *
You feel sick. The adder bites you but does no damage.
The adder barely misses you.
Your shield prevents you from hitting the adder.
The adder is moderately wounded.
You die...

........ #......
...... #.#.. ##
#.#.### .. #.....
#.##.#.###...
#....@.......
####.#S......
#.#.......
#.#.......
#.####.... #.# ....
#.###########
#...........#
###########.#######


You could see an adder.

Vanquished Creatures
  A gnoll (D:1)
  2 giant cockroaches (D:1)
  A hobgoblin (D:1)
  A ball python (D:1)
  A bat (D:1)
  2 goblins (D:2)
  3 kobolds
  2 rats
13 creatures vanquished.

Notes
Turn   | Place    | Note
-------+----------+-------------------------------------------
     0 | D:1      | safid the Hill Orc Fighter began the quest for the Orb.
     0 | D:1      | Reached XP level 1. HP: 19/19 MP: 1/1
    24 | D:1      | Reached XP level 2. HP: 26/27 MP: 2/2
   139 | D:1      | Found a faded altar of an unknown god.
   863 | D:1      | Reached skill level 4 in Fighting
  1110 | D:2      | HP: 1/27 [poisoned by an adder]
  1111 | D:2      | Succumbed to an adder's poison

Illustrated notes

Levels and vault maps discovered:
D:1:      nicolae_arrival_washed_ashore, layout_rooms,
          chequers_ecumenical_altar_simple_redux, st_stairs_5,
          minmay_stone_trees_large, interstate_on_off, minmay_misc_feat_pillars,
          roderic_lattice_a, columned_hall_lemuel, minmay_misc_feat_four_crosses
D:2:      layout_basic, serial_shops, shop, uniq_jessica

Skill      XL: |  1  2 |
---------------+-------+-----
Axes           | 3 |  3.1
Fighting       | 4 |  4.0
Armour         | |  3.5
Shields        | |  3.6

Action                   || total
-------------------------++-------
Melee: War axe           ||    51
Armor: Scale mail        ||    21
Dodge: Dodged            ||    11
Block: Kite shield       ||     3
       Tower shield      ||    38
